 Dungeon Crawl Stone Soup version 0.23.0 (webtiles) character file.

Game seed: 12528948243229635860

45010 lyphon the Severer (level 14, -20/127 HPs)
             Began as a Hill Orc Fighter on Feb 9, 2019.
             Was an Elder of Beogh.
             Demolished by Rupert
             ... wielding a +0 battleaxe of freezing
              (27 damage)
             ... on level 14 of the Dungeon on Feb 10, 2019.
             The game lasted 01:33:51 (21985 turns).

lyphon the Severer (Hill Orc Fighter)              Turns: 21985, Time: 01:33:51

Health: -20/127    AC: 20    Str: 29    XL:     14   Next: 31%
Magic:  22/22      EV:  7    Int:  8    God:    Beogh [****..]
Gold:   1047       SH: 13    Dex: 10    Spells: 12/13 levels left

rFire    . . .     SeeInvis .   a - +5 war axe
rCold    . . .     Gourm    .   c - +0 shield
rNeg     . . .     Faith    +   I - +0 plate armour
rPois    .         Spirit   .   K - +0 helmet
rElec    .         Reflect  .   B - +1 cloak
rCorr    +         Harm     .   A - +0 pair of gloves
MR       +....                  (no boots)
Stlth    ..........             U - amulet of faith
HPRegen  0.31/turn              T - ring of resist corrosion
MPRegen  0.18/turn              (no ring)

@: mighty, about to teleport, berserk cooldown, slowed, very slow
A: no striking features
a: Smiting, Recall Orcish Followers, Renounce Religion


You were on level 14 of the Dungeon.
You worshipped Beogh.
Beogh was greatly pleased with you.
You were not hungry.

You visited 3 branches of the dungeon, and saw 19 of its levels.

You collected 1047 gold pieces.

Inventory:

Hand Weapons
 a - a +5 war axe (weapon)
 b - the +9 arbalest of Skirmishing {elec, rElec rPois rN+}
   (You took it off a crimson imp on level 13 of the Dungeon)

   It charges the ammunition it shoots with electricity; occasionally upon a
   hit, such missiles may discharge and cause terrible harm.
   It insulates you from electricity.
   It protects you from poison.
   It protects you from negative energy.
 Y - a +6 hunting sling of freezing
Missiles
 g - 525 stones (quivered)
 t - 12 javelins
 u - 139 sling bullets
Armour
 c - a +0 shield (worn)
 y - a +4 chain mail of cold resistance
 A - a +0 pair of gloves (worn)
 B - a +1 cloak (worn)
 I - a +0 plate armour (worn)
 K - a +0 helmet (worn)
Magical Staves
 v - an uncursed staff of death
Jewellery
 J - an uncursed amulet of regeneration
 N - a cursed ring of teleportation
 T - a ring of resist corrosion (left hand)
 U - an amulet of faith (around neck)
Wands
 h - a wand of random effects (68)
 F - a wand of polymorph (10)
 G - a wand of digging (2)
 H - a wand of paralysis (11)
 P - a wand of flame (30)
Scrolls
 i - 7 scrolls of remove curse
 k - 3 scrolls of noise {unknown}
 m - 4 scrolls of amnesia
 o - 2 scrolls of immolation {unknown}
 q - a scroll of identify
 s - 5 scrolls of teleportation
 x - 3 scrolls of blinking
 C - a scroll of enchant armour {unknown}
 D - a scroll of magic mapping
 L - 2 scrolls of random uselessness
 Q - 2 scrolls of fog
 Z - 2 scrolls of fear {unknown}
Potions
 d - a potion of might
 e - 2 potions of haste
 j - 3 potions of curing
 l - 2 potions of ambrosia {unknown}
 n - 2 potions of lignification
 p - a potion of berserk rage
 r - 3 potions of heal wounds {unknown}
 w - 4 potions of agility
 z - 5 potions of flight
 E - 3 potions of degeneration {unknown}
 R - 4 potions of cancellation
 S - 2 potions of magic {unknown}
Miscellaneous
 O - a fan of gales (inert)
 W - a lamp of fire
Comestibles
 f - 18 rations


   Skills:
 + Level 12.4 Fighting
 * Level 18.5 Axes
 - Level 1.4 Slings
 + Level 11.4 Armour
 - Level 0.2 Dodging
 + Level 11.4 Shields
 + Level 10.7 Invocations


You had 12 spell levels left.
You knew the following spells:

 Your Spells              Type           Power        Failure   Level  Hunger
a - Summon Small Mammal   Summ           #...         99%         1    ##.....

Your spell library contained the following spells:

 Spells                   Type           Power        Failure   Level  Hunger
 Animate Skeleton         Necr           N/A          99%         1    ##.....
 Apportation              Tloc           #.....       99%         1    ##.....
 Pain                     Necr           #...         99%         1    ##.....
 Summon Butterflies       Summ           #.......     99%         1    ##.....
 Call Imp                 Summ           #.......     100%        2    ###....
 Call Canine Familiar     Summ           #.......     100%        3    ####...
 Lesser Beckoning         Tloc           #.........   100%        3    ####...
 Regeneration             Chrm/Necr      #.........   100%        3    ####...
 Summon Guardian Golem    Hex/Summ       #.......     100%        3    ####...
 Tukima's Dance           Hex            #.......     100%        3    ####...
 Vampiric Draining        Necr           #.........   100%        3    ####...
 Animate Dead             Necr           N/A          100%        4    #####..
 Summon Ice Beast         Ice/Summ       #.......     100%        4    #####..
 Summon Lightning Spire   Summ/Air       #.......     100%        4    #####..
 Alistair's Intoxication  Tmut/Pois      #.......     100%        5    ######.
 Invisibility             Hex            #.......     100%        6    #######


Dungeon Overview and Level Annotations

Branches:
Dungeon (14/15)            Temple (0/1) D:4            Lair (4/6) D:10
 Spider (1/4) Lair:3          Orc (0/2) D:12         Vaults (0/5) D:14
  Swamp: Lair:2-4    Shoals: Lair:2-4

Altars:
Ashenzari
Cheibriados
Dithmenos
Elyvilon
Gozag
Kikubaaqudgha
Makhleb
Okawaru
Qazlal
Ru
Sif Muna
Trog
Vehumet
Wu Jian
Xom
Zin

Annotations:
D:14 Rupert


Message History

* * * LOW HITPOINT WARNING * * *
You are too berserk!
The white ugly thing tentacle-slaps you but does no damage.
You block Rupert's attack.
You feel a strong urge to attack something.
You are no longer berserk.
You are exhausted.
You feel yourself slow down.
The brown ugly thing basks in the mutagenic energy from its kin and changes!
As you read the scroll of teleportation, it crumbles to dust.
You feel strangely unstable.
Rupert rages.
The white ugly thing tentacle-slaps you.
* * * LOW HITPOINT WARNING * * *
The white ugly thing freezes you!!
* * * LOW HITPOINT WARNING * * *
A brown ugly thing opens the door.
You block the white ugly thing's attack.
Rupert hits you with a +0 battleaxe of freezing!!
You die...

,,,,,,#[..........#,,,,,,,,*,,,,,
,*****#.......(..รท###########+###
*,,,....######.)..(........##.<.#
*,,.....*,,,,#..()<........#...{.
*,,.....*,,,,#[.)..(.......#.....
*,,.^...*,,,,#.............#.....
*,,...,,*,,,,+.............#.....
*,,,,,,,*,,,,#.....uu......+.....
*,,,,,,,****,#..@@uuu.u....#..##.
*********,**,####u###u....##..**.
,,,,,,*,,,*,,,,,....#[....#,,,,,,
,,,,,,*,,,*,,,,.....#...u.#,,,,,,
,,,,,,*,,,*,,,......'.....#,,,,,,
,,,,,,*,,,*,,.......#.....#,,,,,,
**,,,***,,**#######'#.....#******
,*,,,***,,***,,,,,,..........,,,,
,*,,,,,,,,,,+,,,,,,,.........,,,,


You could see Rupert (berserk) and 8 ugly things.

Vanquished Creatures
  A quicksilver dragon (shapeshifter) (D:14)
  Snorg (D:11)
  2 vault guards
  Erolcha (D:11)
  Harold (D:8)
  3 hydras
  4 centaur warriors
  2 two-headed ogres
  The ghost of sosloow the Cleaver, a novice HOAs of Elyvilon (D:8)
  Urug (Lair:3)
  Nergalle (Lair:3)
  A lindwurm (shapeshifter) (D:13)
  A phantasmal warrior (D:13)
  Pikel (D:6)
  An oklob plant (Lair:3)
  3 ugly things
  A deep elf mage (D:13)
  2 cyclopes
  A manticore (D:13)
  Maurice (D:13)
  Joseph (D:8)
  A guardian serpent (shapeshifter) (D:13)
  A spiny frog (shapeshifter) (D:14)
  2 kobold demonologists (D:13)
  5 spiny frogs
  2 freezing wraiths (D:13)
  2 rime drakes (D:12)
  A tengu conjurer (D:14)
  A jumping spider (Spider:1)
  A troll (D:13)
  4 hornets
  3 slime creatures (D:9)
  Grinder (D:3)
  2 hippogriffs
  Sigmund (D:2)
  6 redbacks
  A tarantella (Spider:1)
  2 wyverns
  2 spriggans (Lair:1)
  14 yaks
  Eustachio (D:3)
  A steam dragon (D:10)
  5 basilisks
  A hungry ghost (D:7)
  Edmund (D:6)
  2 soldier ants
  6 water moccasins
  5 porcupines
  An orc warrior (D:11)
  2 slaves (D:6)
  7 sky beasts
  9 ogres
  3 necrophages
  9 centaurs
  2 phantoms
  3 big kobolds
  4 crocodiles
  10 bullfrogs
  Blork the orc (D:4)
  A wyvern zombie (D:9)
  A wyvern skeleton (D:13)
  3 scorpions
  A water moccasin skeleton (D:9)
  4 wights (D:9)
  5 howler monkeys
  6 crimson imps
  A bullfrog zombie (D:8)
  A quasit (D:8)
  4 centaur zombies
  3 jellies
  6 hounds
  14 orc wizards
  3 orc priests
  Crazy Yiuf (D:3)
  2 iguanas
  10 worker ants
  A hound skeleton (D:7)
  A spectral worker ant (D:8)
  2 howler monkey skeletons
  17 adders
  4 shadow imps
  An ooze (D:3)
  An adder zombie (D:9)
  3 adder skeletons
  3 worms
  An adder simulacrum (D:8)
  8 leopard geckos
  34 orcs
  A ball python (D:3)
  7 bats
  A giant cockroach (D:1)
  8 goblins
  7 hobgoblins
  30 jackals
  5 quokkas
  3 frilled lizards
  18 kobolds
  4 rats
  A fungus (Lair:2)
383 creatures vanquished.

Vanquished Creatures (collateral kills)
  3 hydras
  A centaur warrior (D:13)
  A death knight (D:13)
  A two-headed ogre (D:12)
  A phantasmal warrior (D:13)
  A cyclops (D:13)
  An ugly thing (D:13)
  A black mamba (Lair:1)
  3 spiny frogs
  2 komodo dragons (Lair:1)
  A polar bear (Lair:3)
  A hornet (D:13)
  2 slime creatures (D:9)
  A hippogriff (D:12)
  A tarantella (Spider:1)
  6 yaks
  5 redbacks
  4 spriggans (Lair:1)
  2 wyverns (Lair:3)
  A basilisk (Lair:2)
  3 water moccasins
  A porcupine (Lair:3)
  An orc warrior (D:12)
  An ogre (D:12)
  2 crocodiles
  4 bullfrogs
  2 scorpions
  A wyvern skeleton (D:12)
  2 howler monkeys (D:10)
  3 crimson imps
  An orc priest (D:11)
  An orc wizard (D:12)
  2 worker ants
  An adder (D:10)
  A shadow imp (D:13)
  2 orcs (D:12)
  2 kobolds (D:11)
69 creatures vanquished.

Vanquished Creatures (others)
  An orc knight (Lair:3)
  An orc sorcerer (D:13)
  5 orc warriors
  4 orc wizards
  4 orc priests
  An adder skeleton (D:4)
  14 orcs
  A giant cockroach (D:4)
31 creatures vanquished.

Grand Total: 483 creatures vanquished

Notes
Turn   | Place    | Note
-------+----------+-------------------------------------------
     0 | D:1      | lyphon the Hill Orc Fighter began the quest for the Orb.
     0 | D:1      | Reached XP level 1. HP: 19/19 MP: 1/1
   479 | D:1      | Reached XP level 2. HP: 23/27 MP: 2/2
   768 | D:1      | Reached skill level 3 in Axes
  1156 | D:1      | Reached XP level 3. HP: 15/33 MP: 3/3
  1542 | D:2      | Reached skill level 4 in Axes
  1690 | D:2      | Reached XP level 4. HP: 36/40 MP: 4/4
  1722 | D:2      | Noticed Sigmund
  2345 | D:2      | Found a sacrificial altar of Ru.
  2399 | D:2      | Found a shimmering altar of Xom.
  2399 | D:2      | Found a shimmering altar of Xom.
  2415 | D:2      | Found a shimmering altar of Xom.
  2861 | D:3      | Found a shattered altar of Ashenzari.
  3018 | D:3      | Reached XP level 5. HP: 42/46 MP: 5/5
  3301 | D:3      | Reached skill level 5 in Axes
  3342 | D:3      | Noticed Grinder
  3361 | D:3      | Killed Grinder
  3361 | D:3      | Reached skill level 6 in Axes
  3361 | D:3      | Reached XP level 6. HP: 21/55 MP: 6/6
  3574 | D:3      | Found a runed translucent door.
  3575 | D:3      | Noticed Crazy Yiuf
  3903 | D:3      | Killed Crazy Yiuf
  4034 | D:4      | Found an ancient bone altar of Kikubaaqudgha.
  4209 | D:4      | Became a worshipper of Beogh the Brigand
  4262 | D:4      | Reached skill level 5 in Fighting
  4262 | D:4      | Reached XP level 7. HP: 34/61 MP: 7/7
  4281 | D:4      | Reached skill level 7 in Axes
  4849 | D:4      | Found a deep blue altar of Sif Muna.
  4863 | D:4      | Noticed Blork the orc
  4873 | D:4      | Killed Blork the orc
  4873 | D:4      | Reached skill level 5 in Shields
  5034 | D:4      | Noticed Eustachio
  5411 | D:3      | Killed Eustachio
  5411 | D:3      | Reached skill level 8 in Axes
  5411 | D:3      | Reached skill level 5 in Armour
  5411 | D:3      | Reached XP level 8. HP: 60/69 MP: 8/8
  5470 | D:4      | Found a staircase to the Ecumenical Temple.
  5510 | D:4      | Found a shadowy altar of Dithmenos.
  5512 | D:4      | Found a burning altar of Makhleb.
  5805 | D:4      | Found a glowing silver altar of Zin.
  6933 | D:2      | Found a stormy altar of Qazlal.
  7085 | D:2      | Killed Sigmund
  7085 | D:2      | Reached skill level 9 in Axes
  7162 | D:5      | Entered Level 5 of the Dungeon
  8423 | D:6      | Reached skill level 10 in Axes
  8542 | D:6      | Noticed Edmund
  8547 | D:6      | Reached XP level 9. HP: 62/75 MP: 9/9
  8552 | D:6      | Killed Edmund
  8571 | D:6      | Noticed Pikel
  8799 | D:6      | Reached * piety under Beogh
  8829 | D:6      | Killed Pikel
  8829 | D:6      | Reached skill level 11 in Axes
  9155 | D:6      | Learned a level 1 spell: Summon Small Mammal
  9625 | D:7      | Reached skill level 12 in Axes
  9678 | D:7      | Found a snail-covered altar of Cheibriados.
  9823 | D:7      | Reached skill level 1 in Slings
  9823 | D:7      | Reached XP level 10. HP: 88/88 MP: 10/10
 10039 | D:7      | Reached ** piety under Beogh
 10171 | D:8      | Noticed Harold
 10323 | D:8      | Found a runed translucent gate.
 10324 | D:8      | Found a runed translucent gate.
 10325 | D:8      | Found a runed translucent gate.
 10328 | D:8      | Noticed sosloow's ghost (novice HOAs)
 10374 | D:8      | Found an ornate altar of the Wu Jian Council.
 10554 | D:8      | Found a white marble altar of Elyvilon.
 10638 | D:8      | Reached skill level 1 in Invocations
 10658 | D:7      | Reached skill level 13 in Axes
 10702 | D:8      | Paralysed by a hornet for 1 turns
 10853 | D:8      | Noticed Joseph
 10855 | D:8      | Killed Harold
 10873 | D:8      | Killed Joseph
 11240 | D:8      | Killed sosloow's ghost
 11293 | D:9      | Noticed a two-headed ogre
 11315 | D:9      | Killed a two-headed ogre
 11315 | D:9      | Reached skill level 14 in Axes
 11315 | D:9      | Reached XP level 11. HP: 56/97 MP: 12/14
 11355 | D:9      | Found a stormy altar of Qazlal.
 11616 | D:9      | Reached *** piety under Beogh
 11727 | D:9      | Found a radiant altar of Vehumet.
 11741 | D:9      | Reached skill level 5 in Invocations
 11779 | D:9      | Found a bloodstained altar of Trog.
 11779 | D:9      | Found an opulent altar of Gozag.
 11780 | D:9      | Found an iron altar of Okawaru.
 11786 | D:9      | Found a shattered altar of Ashenzari.
 12394 | D:10     | Entered Level 10 of the Dungeon
 12735 | D:10     | Found a staircase to the Lair.
 12745 | Lair:1   | Entered Level 1 of the Lair of Beasts
 12829 | Lair:1   | You fall through a shaft!
 12969 | Lair:1   | Noticed a six-headed hydra
 12976 | Lair:1   | Killed a seven-headed hydra
 13310 | Lair:1   | Reached skill level 15 in Axes
 13386 | Lair:1   | Noticed a seven-headed hydra
 13397 | Lair:1   | Killed a 12-headed hydra
 13397 | Lair:1   | Reached skill level 10 in Fighting
 13655 | Lair:1   | Reached XP level 12. HP: 105/106 MP: 16/16
 14317 | Lair:3   | Noticed Nergalle
 14319 | Lair:3   | Noticed a five-headed hydra
 14322 | Lair:3   | Killed Nergalle
 14329 | Lair:3   | Killed a nine-headed hydra
 14421 | Lair:3   | Noticed a four-headed hydra
 14435 | Lair:3   | Killed a seven-headed hydra
 14699 | Lair:3   | Found a hole to the Spider Nest.
 14927 | Lair:3   | Noticed Urug
 14941 | Lair:3   | Killed Urug
 14941 | Lair:3   | Reached skill level 16 in Axes
 15267 | Lair:3   | Noticed a six-headed hydra
 15278 | Lair:3   | Killed a ten-headed hydra
 15634 | Spider:1 | Entered Level 1 of the Spider Nest
 16243 | Spider:1 | Noticed an emperor scorpion
 16367 | Lair:4   | Reached skill level 10 in Armour
 16370 | Lair:4   | Reached skill level 10 in Shields
 16878 | D:11     | Noticed Erolcha
 16883 | D:11     | Noticed Snorg
 16887 | D:11     | Killed Erolcha
 16887 | D:11     | Reached XP level 13. HP: 116/116 MP: 15/19
 16904 | D:11     | Killed Snorg
 17332 | D:11     | Reached **** piety under Beogh
 17898 | D:12     | Reached skill level 17 in Axes
 17992 | D:12     | Found a staircase to the Orcish Mines.
 18203 | D:12     | Found a frozen archway.
 19257 | D:13     | Noticed Maurice
 20045 | D:13     | Reached skill level 10 in Invocations
 20086 | D:13     | Identified the +9 arbalest of Skirmishing {elec, rElec
                  | rPois rN+}
 20191 | D:13     | Noticed a quicksilver dragon
 20205 | D:14     | Killed a quicksilver dragon
 20205 | D:14     | Reached skill level 18 in Axes
 20205 | D:14     | Reached XP level 14. HP: 20/126 MP: 15/21
 20525 | D:13     | Killed Maurice
 21095 | D:14     | Found a gate to the Vaults.
 21950 | D:14     | Noticed Rupert
 21984 | D:14     | HP: 6/127 [white ugly thing (21)]
 21985 | D:14     | Demolished by Rupert

Skill      XL: |  1  2  3  4  5  6  7  8  9 10 11 12 13 |
---------------+----------------------------------------+-----
Axes           | 3 4 6 8 10 12 14 15 16 18 | 18.5
Fighting       | 4 5 6 7 9 10 11 12 | 12.4
Armour         | 4 5 6 7 8 9 10 11 | 11.4
Shields        | 4 5 6 8 9 10 11 | 11.4
Slings         | 1 |  1.4
Invocations    | 4 6 8 10 | 10.7
Dodging        | |  0.2

Action                   |  1- 3 |  4- 6 |  7- 9 | 10-12 | 13-15 || total
-------------------------+-------+-------+-------+-------+-------++-------
Melee: War axe           |   103 |   191 |   425 |   577 |   421 ||  1717
 Fire: Hunting sling     |       |       |     6 |    15 |       ||    21
Throw: Stone             |       |       |       |     1 |       ||     1
Invok: Convert to Beogh  |       |     1 |       |       |       ||     1
       Smiting           |       |       |       |    22 |    17 ||    39
       Recall Orcish Fol |       |       |       |       |     7 ||     7
Evoke: Wand              |       |       |       |       |     1 ||     1
       Fan of gales      |       |       |       |       |     1 ||     1
  Use: Scroll            |       |     2 |    12 |     5 |    11 ||    30
       Potion            |       |       |     1 |       |    17 ||    18
 Stab: Distracted        |       |       |       |     1 |     2 ||     3
  Eat: Chunk             |     3 |     1 |     4 |     5 |     2 ||    15
       Ration            |       |     2 |     5 |     6 |     4 ||    17
Armor: Scale mail        |    53 |    95 |   147 |       |       ||   295
       Chain mail        |       |       |    57 |       |       ||    57
       Plate armour      |       |       |    45 |   301 |   185 ||   531
       Skin              |       |       |       |       |     2 ||     2
Dodge: Dodged            |    33 |    64 |   114 |    98 |    83 ||   392
Block: Shield            |    42 |    98 |   194 |   287 |   240 ||   861
